 Dungeon Crawl Stone Soup version 0.28.0-45-g0d030f2227 (webtiles) character file.

Game seed: 8448511433809528448

0 psko the Sneak (level 1, -1/9 HPs)
             Began as a Spriggan Conjurer on Apr 19, 2022.
             Frozen to death by an endoplasm (2 damage)
             ... on level 1 of the Dungeon.
             The game lasted 00:00:42 (87 turns).

psko the Sneak (Spriggan Conjurer)                    Turns: 87, Time: 00:00:43

Health: -1/9       AC:  2    Str:  3    XL:     1   Next: 8%
Magic:  4/5        EV: 17    Int: 19    God:
Gold:   0          SH:  0    Dex: 13    Spells: 4/5 levels left

rFire   . . .      SeeInvis +   (weapon restricted)
rCold   . . .      Faith    .   (no shield)
rNeg    . . .      Spirit   .   a - +0 robe
rPois   .          Reflect  .   (helmet restricted)
rElec   .          Harm     .   (no cloak)
rCorr   .          Rampage  .   (gloves unavailable)
Will    .....                   (boots unavailable)
Stlth   ++........              (no amulet)
HPRegen 0.03/turn               (no ring)
MPRegen 0.09/turn               (no ring)

@: very quick
A: very small, no large weapons, unfitting armour, see invisible, speed 3
a: no special abilities


You were on level 1 of the Dungeon.
You visited 1 branch of the dungeon, and saw 1 of its levels.

Inventory:

Armour
 a - a +0 robe (worn)
Scrolls
 b - a scroll of enchant armour {unknown}


   Skills:
 + Level 2.6 Dodging
 + Level 3.0 Stealth
 + Level 2.6 Spellcasting
 + Level 3.0 Conjurations


You had 4 spell levels left.
You knew the following spells:

 Your Spells              Type           Power      Damage    Failure   Level
a - Magic Dart            Conj           56%        1d5       4%          1

Your spell library contained the following spells:

 Spells                   Type           Power      Damage    Failure   Level
 Searing Ray              Conj           28%        2d5       7%          2
 Dazzling Flash           Conj/Hex       16%        N/A       26%         3
 Fulminant Prism          Conj/Hex       4%         3d6       63%         4
 Iskenderun's Mystic Bla  Conj/Tloc      8%         2d4       63%         4


Dungeon Overview and Level Annotations

Branches:
Dungeon (1/15)

Altars:


Innate Abilities, Weirdness & Mutations

You are very small and have problems with some larger weapons.
You are too small for most types of armour.
You have supernaturally acute eyesight. (SInv)
You cover ground extremely quickly. (Speed+++)


Message History

A ball python comes into view.
A bat comes into view.
The bat misses you.
A ball python comes into view.
The ball python hisses angrily.
The bat barely misses you.
A giant cockroach comes into view.
The ball python hisses angrily.
The bat barely misses you.
Found 10 gold pieces.
The bat hits you.
A quokka comes into view.
The bat closely misses you. The bat barely misses you.
The bat completely misses you. The bat closely misses you.
The bat closely misses you. The giant cockroach closely misses you.
The jackal stops to sniff the ground.
The bat hits you.
* * * LOW HITPOINT WARNING * * *
An endoplasm comes into view.
A goblin comes into view. It is wielding a +0 dagger.
The goblin shouts!
You hear a bark!
A jackal comes into view. x2
The bat hits you but does no damage.
A rat comes into view.
A jackal comes into view.
The bat closely misses you. The bat hits you but does no damage.
The jackal barks!
The goblin misses you. The bat hits you.
* * * LOW HITPOINT WARNING * * *
The bat misses you. The jackal barely misses you. The goblin misses you.
The bat closely misses you. The bat barely misses you. The bat misses you.
The endoplasm quivers.
The bat barely misses you. The jackal barely misses you.
The giant cockroach waves its antennae.
The jackal misses you. The endoplasm freezes you.
You are frozen.
You die...

..#........##
#....................#
...##................#
...#.................#
.................r...#
.....................#
................hh..#
......$..S.#Bb.h@...##
.........hr.S..b.J...#
#.######.##....g.....#
.........##..........#
#.#########..........#
.... #...........#
.#.... ....#.......##
..#...##...#.......##
#..#..##..#...######


You could see an endoplasm, a quokka, 4 jackals, a giant cockroach, a goblin, 2
bats, a ball python and a rat.

Vanquished Creatures
  A bat (D:1)
1 creature vanquished.

Notes
Turn   | Place    | Note
-------+----------+-------------------------------------------
     0 | D:1      | psko the Spriggan Conjurer began the quest for the Orb.
     0 | D:1      | Reached XP level 1. HP: 9/9 MP: 5/5
    87 | D:1      | Frozen to death by an endoplasm

Illustrated notes

Levels and vault maps discovered:
D:1:      saegor_arrival_simple_a, layout_rooms, minivault_26,
          hangedman_decor_points

Skill      XL: |  1 |
---------------+----+-----
Conjurations   | 3 |  3.0
Dodging        | |  2.6
Stealth        | |  3.0
Spellcasting   | |  2.6

Action                   || total
-------------------------++-------
Melee: Unarmed           ||     5
 Cast: Magic Dart        ||     4
Armor: Robe              ||     5
Dodge: Dodged            ||    38
